 Dungeon Crawl Stone Soup version 0.24-a0-275-g6f7e2cb (webtiles) character file.

Game seed: 1514946376013018096

35 frenix the Conjurer (level 3, -1/26 HPs)
             Began as a Demigod Conjurer on Apr 28, 2019.
             Shot with an arrow by a centaur (6 damage)
             ... on level 2 of the Dungeon.
             The game lasted 00:26:57 (2625 turns).

frenix the Conjurer (Demigod Conjurer)              Turns: 2625, Time: 00:26:58

Health: -1/26      AC:  2    Str: 11    XL:     3   Next: 4%
Magic:  8/8        EV: 12    Int: 21    God:
Gold:   59         SH:  0    Dex: 16    Spells: 0/6 levels left

rFire    . . .     SeeInvis .   d - +0 short sword
rCold    . . .     Gourm    .   (no shield)
rNeg     . . .     Faith    .   a - +0 robe
rPois    .         Spirit   .   (no helmet)
rElec    .         Reflect  .   (no cloak)
rCorr    .         Harm     .   (no gloves)
MR       .....                  (no boots)
Stlth    ++........             (no amulet)
HPRegen  0.08/turn              (no ring)
MPRegen  0.11/turn              (no ring)

@: no status effects
A: high mp 1
a: no special abilities


You were on level 2 of the Dungeon.
You were not hungry.

You visited 1 branch of the dungeon, and saw 2 of its levels.

You collected 59 gold pieces.

Inventory:

Hand Weapons
 d - a +0 short sword (weapon)
 e - a +0 club
Missiles
 f - 52 stones (quivered)
Armour
 a - a +0 robe (worn)
Potions
 g - a potion of might {unknown}
Comestibles
 b - 2 chunks of flesh
 c - 3 rations


   Skills:
 - Level 1.7 Dodging
 - Level 1.7 Stealth
 + Level 2.1 Spellcasting
 + Level 4.4 Conjurations


You couldn't memorise any spells.
You knew the following spells:

 Your Spells              Type           Power        Failure   Level  Hunger
a - Magic Dart            Conj           ###.         2%          1    #......
b - Searing Ray           Conj           ###...       3%          2    ##.....
c - Dazzling Spray        Conj/Hex       ##....       17%         3    ###....

Your spell library contained the following spells:

 Spells                   Type           Power        Failure   Level  Hunger
 Iskenderun's Mystic Bla  Conj           ###.....     24%         4    #####..
 Force Lance              Conj/Tloc      ##......     50%         4    #####..
 Fulminant Prism          Conj/Hex       ##........   50%         4    #####..


Dungeon Overview and Level Annotations

Branches:
Dungeon (2/15)


Innate Abilities, Weirdness & Mutations

You have an increased reservoir of magic. (+10% MP)


Message History

You see here a rat skeleton.
You start resting.
Eating one of 3 chunks of flesh.
You eat one of the 3 chunks of flesh.
This raw flesh tastes terrible.
Magic restored.
You start waiting.
Done waiting.
Found a scroll labeled XESYWI XIGUAM.
A centaur comes into view.
The centaur shouts!
The centaur wields a +0 shortbow.
The centaur shoots an arrow.
The arrow hits you.
You see here an arrow.
The centaur shoots an arrow.
The arrow hits you!
The centaur shoots an arrow.
The arrow misses you.
You see here an arrow.
The centaur shoots an arrow.
The arrow hits you.
* * * LOW HITPOINT WARNING * * *
You see here an arrow.
The centaur shoots an arrow.
The arrow hits you.
You die...

#.# #.## #..#
#.... ##.# #....
#.# .... #.# ...
#.# #.####.#
#####...##@#
#.....#.##.#######
#..(.(........
#.(...####.###
#.?..c....
#.#...###..
#.##.## #. #.. #.
#..#


You could see a centaur.

Vanquished Creatures
  A dart slug (D:1)
  A leopard gecko (D:1)
  3 giant cockroaches (D:1)
  6 goblins
  5 hobgoblins
  3 kobolds (D:1)
  A bat (D:1)
  2 frilled lizards (D:1)
  7 rats
29 creatures vanquished.

Notes
Turn   | Place    | Note
-------+----------+-------------------------------------------
     0 | D:1      | frenix the Demigod Conjurer began the quest for the Orb.
     0 | D:1      | Reached XP level 1. HP: 14/14 MP: 5/5
   198 | D:1      | Reached skill level 4 in Conjurations
   446 | D:1      | Reached XP level 2. HP: 11/20 MP: 0/7
   613 | D:1      | Learned a level 2 spell: Searing Ray
  2450 | D:2      | Reached XP level 3. HP: 26/26 MP: 5/8
  2455 | D:2      | Learned a level 3 spell: Dazzling Spray
  2618 | D:2      | Noticed a centaur
  2625 | D:2      | Shot with an arrow by a centaur

Levels and vault maps discovered:
D:1:      matt_arrival_refuge, layout_loops_ring
D:2:      layout_loops_ring, first_ration

Skill      XL: |  1  2 |
---------------+-------+-----
Conjurations   | 4 |  4.4
Spellcasting   | 2 |  2.1
Dodging        | |  1.7
Stealth        | |  1.7

Action                   || total
-------------------------++-------
Melee: Unarmed           ||     3
       Short sword       ||     2
 Cast: Magic Dart        ||    29
       Searing Ray       ||     8
  Use: Potion            ||     1
       Scroll            ||     1
  Eat: Chunk             ||     6
Armor: Robe              ||     7
Dodge: Dodged            ||    18

Table legend:
 A = Non-vault XP
 B = Vault XP
 C = Vault XP percentage of total XP
 D = Non-vault monster count
 E = Vault monster count
 F = Vault count percentage of total count
                 A         B        C        D         E       F
            +---------+---------+-------+---------+---------+-------
      Total |      51 |       0 |   0.0 |      29 |       0 |   0.0
            +---------+---------+-------+---------+---------+-------
        D:1 |      45 |       0 |   0.0 |      25 |       0 |   0.0
        D:2 |       6 |       0 |   0.0 |       4 |       0 |   0.0
            +---------+---------+-------+---------+---------+-------
